 Dungeon Crawl Stone Soup version 0.29.0-4-gdea44cf6ec (webtiles) character file.

Game seed: 6797785248669001680

95 qw the Ruffian (level 4, -4/35 HPs)
             Began as a Ghoul Fire Elementalist on Aug 29, 2022.
             Slain by Natasha (7 damage)
             ... on level 3 of the Dungeon.
             The game lasted 00:02:09 (2527 turns).

qw the Ruffian (Ghoul Fire Elementalist)            Turns: 2527, Time: 00:02:10

Health: -4/35      AC: 13    Str: 13    XL:     4   Next: 66%
Magic:  5/5        EV:  3    Int: 10    God:
Gold:   110        SH:  0    Dex:  9    Spells: 5/6 levels left

rFire   . . .      SeeInvis +     - Unarmed
rCold   + . .      Faith    .   (no shield)
rNeg    + + +      Spirit   .   b - +0 plate armour
rPois   inf        Reflect  .   d - +0 helmet
rElec   .          Harm     .   i - +0 cloak
rCorr   .          Rampage  .   (no gloves)
Will    .....                   f - +0 pair of boots
Stlth   ..........              (no amulet)
HPRegen 0.00/turn               c - ring of see invisible
MPRegen 0.09/turn               (no ring)

@: about to teleport, inhibited regen
A: claws 1, cold resistance 1, negative energy resistance 3, inhibited
regeneration, torment resistance 2, devour on kill
a: no special abilities


You were on level 3 of the Dungeon.
You visited 1 branch of the dungeon, and saw 3 of its levels.

You collected 110 gold pieces.


Innate Abilities, Weirdness & Mutations

You are immune to poison.
You have sharp fingernails.
Your flesh is cold resistant. (rC+)
You are immune to negative energy. (rN+++)
You do not regenerate when monsters are visible.
You are immune to unholy pain and torment.
You thrive by killing the living.


   Skills:
 - Level 1.2 Fighting
 - Level 1.2 Armour
 - Level 1.7 Dodging
 - Level 2.1 Stealth
 + Level 3.8 Unarmed Combat
 - Level 1.7 Spellcasting
 - Level 0.7 Conjurations
 - Level 2.4 Fire Magic


You had 5 spell levels left.
You knew the following spells:

 Your Spells              Type           Power      Damage    Failure   Level
a - Foxfire               Conj/Fire      16%        2x1d4     100%        1

Your spell library contained the following spells:

 Spells                   Type           Power      Damage    Failure   Level
 Scorch                   Fire           10%        2d6       100%        2
 Conjure Flame            Conj/Fire      4%         6-21      100%        3
 Inner Flame              Hex/Fire       3%         N/A       100%        3
 Flame Wave               Conj/Fire      4%         2d5       100%        4

Inventory:

Armour
 b - a +0 plate armour (worn)
 d - a +0 helmet (worn)
 f - a +0 pair of boots (worn)
 i - a +0 cloak (worn)
Jewellery
 c - a ring of see invisible (left claw)
Scrolls
 g - a scroll of identify
Potions
 e - a potion of ambrosia {unknown}
 j - a potion of curing {unknown}
 k - a potion of resistance
 m - a potion of cancellation {unknown}
 n - a potion of heal wounds

Dungeon Overview and Level Annotations

Branches:
Dungeon (3/15)

Altars:

Annotations:
D:3 Natasha


Message History

Natasha claws you but does no damage.
You barely miss the white imp.
The white imp is severely wounded.
The white imp completely misses you. Natasha claws you.
You scratch the white imp.
The white imp is almost dead.
The white imp hits you but does no damage.
You claw the white imp!
You kill the white imp!
The white imp disappears in a puff of smoke!
Natasha claws you but does no damage.
You scratch Natasha.
Natasha is lightly wounded.
Natasha claws you but does no damage.
The crimson imp blinks!
The shadow imp hits you but does no damage.
You completely miss Natasha.
Natasha is lightly wounded.
Natasha zaps a wand.
The puff of flame hits you but does no damage.
The crimson imp blinks!
You scratch Natasha.
Natasha is heavily wounded.
The shadow imp hits you but does no damage.
Natasha mewls in sadness.
Natasha casts a spell at you. You resist with some effort.
You closely miss Natasha.
Natasha is heavily wounded.
The shadow imp puffs mist at you.
The shadow imp hits you but does no damage.
Natasha claws you but does no damage.
You scratch Natasha.
Natasha is almost dead.
The shadow imp hits you. Natasha claws you.
2527 ||| READING scroll of teleportation.
As you read the scroll of teleportation, it crumbles to dust.
You feel strangely unstable.
The shadow imp hits you but does no damage.
Natasha claws you!
You die...

.........#
.........#
.........##
..........###
............######
.........##.#....#
.........##.#....#
....5.%..@5......##
..........h........
.#####.####<..#.##
#. ##..# #. ....#
#. ....# ## ....#
.##.# .. ..


You could see Natasha, a crimson imp (summoned) and a shadow imp (summoned).

Vanquished Creatures
  Natasha (D:3)
  Robin (D:2)
  An adder (D:2)
  3 dart slugs
  8 endoplasms
  11 goblins
  2 hobgoblins
  2 jackals (D:1)
  A quokka (D:2)
  A ball python (D:2)
  3 bats
  3 frilled lizards
  2 kobolds
  3 rats (D:1)
42 creatures vanquished.

Notes
Turn   | Place    | Note
-------+----------+-------------------------------------------
     0 | D:1      | qw the Ghoul Fire Elementalist began the quest for the Orb.
     0 | D:1      | Reached XP level 1. HP: 14/14 MP: 2/2
     0 | D:1      | 0 ||| qw: Version: 0.1-a-90-g952f4b7
     0 | D:1      | 0 ||| qw: Game counter: 4087
     0 | D:1      | 0 ||| qw: Always use a shield: true
     0 | D:1      | 0 ||| qw: God list: Okawaru
     0 | D:1      | 0 ||| qw: Allow faded altars: false
     0 | D:1      | 0 ||| qw: Do Orc after D:15 true
     0 | D:1      | 0 ||| qw: Do second Lair branch before Depths: true
     0 | D:1      | 0 ||| qw: Lair rune preference: random
     0 | D:1      | 0 ||| qw: Plans: Normal
     0 | D:1      | 0 ||| PLANNING D:1-11
    82 | D:1      | Reached skill level 1 in Unarmed Combat
   108 | D:1      | Found a faded altar of an unknown god.
   166 | D:1      | 166 ||| Stepping ~*~*~tactically~*~*~ (hiding).
   268 | D:1      | 268 ||| Stepping ~*~*~tactically~*~*~ (hiding).
   403 | D:1      | Reached skill level 1 in Fighting
   403 | D:1      | Reached XP level 2. HP: 23/23 MP: 3/3
   456 | D:1      | 456 ||| Stepping ~*~*~tactically~*~*~ (outnumbered).
   457 | D:1      | 457 ||| Stepping ~*~*~tactically~*~*~ (outnumbered).
   549 | D:1      | 549 ||| Stepping ~*~*~tactically~*~*~ (stealth).
   550 | D:1      | 550 ||| Stepping ~*~*~tactically~*~*~ (stealth).
   552 | D:1      | 552 ||| Stepping ~*~*~tactically~*~*~ (stealth).
   553 | D:1      | 553 ||| Stepping ~*~*~tactically~*~*~ (stealth).
   747 | D:1      | Reached skill level 2 in Unarmed Combat
   765 | D:1      | 765 ||| Stepping ~*~*~tactically~*~*~ (stealth).
   778 | D:1      | 778 ||| Stepping ~*~*~tactically~*~*~ (stealth).
   779 | D:1      | 779 ||| Stepping ~*~*~tactically~*~*~ (stealth).
   780 | D:1      | 780 ||| Stepping ~*~*~tactically~*~*~ (stealth).
   980 | D:1      | 980 ||| Stepping ~*~*~tactically~*~*~ (hiding).
  1082 | D:1      | 1082 ||| Stepping ~*~*~tactically~*~*~ (hiding).
  1184 | D:1      | 1184 ||| Stepping ~*~*~tactically~*~*~ (hiding).
  1286 | D:1      | 1286 ||| Stepping ~*~*~tactically~*~*~ (hiding).
  1295 | D:1      | Reached XP level 3. HP: 26/28 MP: 4/4
  1443 | D:1      | 1443 ||| UPGRADING to +0 cloak.
  1448 | D:1      | 1448 ||| UPGRADING to ring of see invisible.
  1449 | D:1      | 1449 ||| DROPPING ring of wizardry.
  1450 | D:1      | 1450 ||| READING scroll labelled FUEDOIBB HITT.
  1451 | D:1      | 1451 ||| READING 3 scrolls labelled QIORPHA JEF POA.
  1452 | D:1      | 1452 ||| READING 2 scrolls labelled RACEKIKKIY.
  1455 | D:1      | 1455 ||| READING 2 scrolls labelled IRCHABOPUNE.
  1456 | D:1      | 1456 ||| READING 2 scrolls of identify.
  1456 | D:1      | 1456 ||| IDENTIFYING fizzy blue potion
  1457 | D:1      | 1457 ||| DROPPING potion of magic.
  1458 | D:1      | 1458 ||| DROPPING potion of berserk rage.
  1459 | D:1      | 1459 ||| DROPPING scroll of summoning.
  1502 | D:2      | 1502 ||| STAIRDANCE
  1563 | D:2      | 1563 ||| Stepping ~*~*~tactically~*~*~ (stealth).
  1629 | D:2      | 1629 ||| Stepping ~*~*~tactically~*~*~ (stealth).
  1634 | D:2      | Noticed Robin
  1635 | D:2      | 1635 ||| Stepping ~*~*~tactically~*~*~ (stealth).
  1650 | D:2      | 1650 ||| FLEEEEING.
  1745 | D:2      | Reached skill level 3 in Unarmed Combat
  1753 | D:2      | Killed Robin
  1996 | D:2      | 1996 ||| Stepping ~*~*~tactically~*~*~ (stealth).
  2007 | D:2      | 2007 ||| Stepping ~*~*~tactically~*~*~ (stealth).
  2016 | D:2      | Reached XP level 4. HP: 35/35 MP: 5/5
  2430 | D:2      | 2430 ||| UPGRADING to +0 plate armour.
  2440 | D:2      | 2440 ||| DROPPING +0 robe.
  2441 | D:2      | 2441 ||| UPGRADING to +0 helmet.
  2446 | D:2      | 2446 ||| UPGRADING to +0 pair of boots.
  2451 | D:2      | 2451 ||| READING 2 scrolls labelled ZYNILLEUDA.
  2452 | D:2      | 2452 ||| READING 2 scrolls labelled GEEF XIABACSIT.
  2453 | D:2      | 2453 ||| DRINKING 2 lumpy cyan potions.
  2454 | D:2      | 2454 ||| DRINKING 2 yellow potions.
  2455 | D:2      | 2455 ||| DROPPING scroll of immolation.
  2456 | D:2      | 2456 ||| DROPPING scroll of noise.
  2472 | D:3      | Noticed Natasha
  2487 | D:3      | Killed Natasha
  2488 | D:3      | Reached skill level 1 in Armour
  2505 | D:3      | Noticed Natasha
  2526 | D:3      | HP: 7/35 [shadow imp[Natasha] (5)]
  2526 | D:3      | HP: 3/35 [Natasha (4)]
  2527 | D:3      | 2527 ||| READING scroll of teleportation.
  2527 | D:3      | Slain by Natasha

Levels and vault maps discovered:
D:1:      nzn_arrival_crosshair, layout_loops_ring, basic_ecumenical_altar,
          minivault_27
D:2:      layout_basic, uniq_robin
D:3:      layout_basic, uniq_natasha

Skill      XL: |  1  2  3  4 |
---------------+-------------+-----
Unarmed Combat | 1 2 3 |  3.8
Fighting       | 1 |  1.2
Armour         | 1 |  1.2
Dodging        | |  1.7
Stealth        | |  2.1
Spellcasting   | |  1.7
Conjurations   | |  0.7
Fire Magic     | |  2.4

Action                   |  1- 3 |  4- 6 || total
-------------------------+-------+-------++-------
Melee: Unarmed           |   110 |    42 ||   152
       Punch             |     7 |     2 ||     9
  Use: Scroll            |     5 |     3 ||     8
       Potion            |       |     2 ||     2
 Stab: Sleeping          |     2 |       ||     2
Armor: Robe              |    14 |     5 ||    19
       Plate armour      |       |    33 ||    33
Dodge: Dodged            |    42 |     8 ||    50

Table legend:
 A = Non-vault XP
 B = Vault XP
 C = Vault XP percentage of total XP
 D = Non-vault monster count
 E = Vault monster count
 F = Vault count percentage of total count
                 A         B        C        D         E       F
            +---------+---------+-------+---------+---------+-------
      Total |      70 |      67 |  48.9 |      32 |      10 |  23.8
            +---------+---------+-------+---------+---------+-------
        D:1 |      39 |       0 |   0.0 |      21 |       0 |   0.0
        D:2 |      31 |      31 |  50.0 |      11 |       9 |  45.0
        D:3 |       0 |      36 | 100.0 |       0 |       1 | 100.0
            +---------+---------+-------+---------+---------+-------
